 Dungeon Crawl Stone Soup version 0.31-a0-963-ga325b2283a (webtiles) character file.

Game seed: 4204001840831561181

15728 Arzdou the Fighter (level 12, 0/105 HPs)
             Began as a Demonspawn Shapeshifter on Oct 25, 2023.
             Was a Follower of Uskayaw.
             Succumbed to a cane toad's poison
             ... on level 1 of the Lair of Beasts.
             The game lasted 00:35:01 (16460 turns).

Arzdou the Fighter (Demonspawn Shapeshifter)       Turns: 16460, Time: 00:35:02

Health: 0/105      AC: 14    Str: 23    XL:     12   Next: 3%
Magic:  18/18      EV: 12    Int: 18    God:    Uskayaw [*.....]
Gold:   651        SH:  0    Dex: 15    Spells: 11/11 levels left

rFire   . .          .
                       - Unarmed
rCold   + . .        (shield currently unavailable)
rNeg    + . .        E - +2 steam dragon scales
rPois   .            (no helmet)
rElec   .            v - -1 cloak of Distant Shores {Str+4 Dex+2}
rCorr   .            j - +1 pair of gloves
SInv    .            B - +0 pair of boots
Will    .....        (no amulet)
Stlth   +            o - ring of positive energy
HPRegen 0.37/turn    e - +6 ring of intelligence
MPRegen 0.16/turn

%: no passive effects
@: lethally poisoned (0 -> -2), flux-form, hasted, glowing, very quick
A: glow, contaminating, claws 1, icy blue scales 3
a: Begin Untransformation, Renounce Religion, Stomp


You were on level 1 of the Lair of Beasts.
You worshipped Uskayaw.
Uskayaw was aware of your devotion.
You were something dangerously unstable.
You visited 3 branches of the dungeon, and saw 13 of its levels.
You also visited: Sewer.

You collected 651 gold pieces.

Inventory:

Hand Weapons
 a - a +0 sling
Missiles
 k - 4 throwing nets
 C - 3 poisoned darts
Armour
 f - a +0 plate armour
 j - a +1 pair of gloves (worn)
 v - the -1 cloak of Distant Shores (worn) {Str+4 Dex+2}
   (You found it on level 6 of the Dungeon)

   Str+4:     It affects your strength (+4).
   Dex+2:     It affects your dexterity (+2).
 B - a +0 pair of boots (worn)
 E - +2 steam dragon scales (worn)
Jewellery
 e - a +6 ring of intelligence (right hand)
 o - a ring of positive energy (left hand)
 F - an amulet of guardian spirit
Talismans
 d - a flux talisman (active)
Wands
 w - a wand of roots (10)
 A - a wand of polymorph (2)
Scrolls
 g - a scroll of silence {unknown}
 i - 2 scrolls of torment
 l - 2 scrolls of enchant armour
 m - 5 scrolls of identify
 q - a scroll of brand weapon
 t - a scroll of vulnerability
 u - a scroll of fear
 x - a scroll of blinking
 y - a scroll of fog {unknown}
Potions
 b - 3 potions of ambrosia
 c - a potion of attraction {unknown}
 h - 7 potions of enlightenment
 n - a potion of mutation
 r - 3 potions of berserk rage
 z - 3 potions of lignification
 G - a potion of invisibility {unknown}


   Skills:
 + Level 13.0 Fighting
 - Level 1.8 Dodging
 - Level 10.0 Unarmed Combat
 - Level 8.0 Invocations
 - Level 8.0 Shapeshifting


You had 11 spell levels left.
You didn't know any spells.
Your spell library contained the following spells:

 Spells                   Type           Power      Damage    Failure   Level
 Foxfire                  Conj/Fire      0%         2x1d4     22%         1
 Magic Dart               Conj           0%         1d3       22%         1
 Summon Small Mammal      Summ           0%         N/A       22%         1
 Call Imp                 Summ           0%         N/A       32%         2
 Hailstorm                Conj/Ice       0%         3d3       54%         3
 Mephitic Cloud           Conj/Pois/Air  0%         N/A       54%         3
 Summon Ice Beast         Ice/Summ       0%         N/A       91%         4
 Vhi's Electric Charge    Tloc/Air       0%         N/A       91%         4
 Arcjolt                  Conj/Air       0%         1d10      99%         5
 Plasma Beam              Fire/Air       0%         2x1d10    100%        6
 Simulacrum               Ice/Necr       0%         N/A       100%        6
 Starburst                Conj/Fire      0%         6d3       100%        6
 Maxwell's Capacitive Co  Air            0%         ∞         100%        8


Dungeon Overview and Level Annotations

Branches:
Dungeon (11/15)            Temple (1/1) D:7            Lair (1/5) D:11
    Orc (0/2) D:10          Sewer (visited)

Altars:
Ashenzari
Cheibriados
Dithmenos
Fedhas
Gozag
Hepliaklqana
Kikubaaqudgha
Makhleb
Nemelex Xobeh
Okawaru
Qazlal
Ru
Sif Muna
Trog
Uskayaw
Vehumet
Wu Jian
Xom
Yredelemnul

Shops:
D:8 [

Annotations:
D:11 4 transporters


Innate Abilities, Weirdness & Mutations

You are something dangerously unstable.
You glow with magical radiation, making you easy to see and hit.
Foes you strike become dangerously contaminated with magical radiation.
You are incapable of wielding weapons or throwing items.
You have sharp fingernails.
You are completely covered in icy blue scales. (AC +4, rC+)


Message History

The cane toad stings you.
* * * LOW HITPOINT WARNING * * *
You punch the cane toad!
You kill the cane toad!
* * * LOW HITPOINT WARNING * * *
You feel very sick.
Your Fighting skill increases to level 13!
You feel yourself speed up.
* * * LOW HITPOINT WARNING * * *
You feel very sick.
Okay, then.
Okay, then.
You don't know any spells.
Okay, then.
Okay, then.
You don't know any spells.
Okay, then.
You don't know any spells.
As you read the scroll of butterflies, it crumbles to dust.
You hear the flapping of tiny wings.
* * * LOW HITPOINT WARNING * * *
You feel sick.
* * * LOW HITPOINT WARNING * * *
You feel sick.
* * * LOW HITPOINT WARNING * * *
You feel sick.
* * * LOW HITPOINT WARNING * * *
You feel sick.
* * * LOW HITPOINT WARNING * * *
You feel sick.
* * * LOW HITPOINT WARNING * * *
You feel sick.
* * * LOW HITPOINT WARNING * * *
You feel sick.
You can no longer pass through a line of other dancers.
* * * LOW HITPOINT WARNING * * *
You feel sick.
* * * LOW HITPOINT WARNING * * *
You feel sick.
You die...

##~÷).# ##.....######.#.#......
#~~..## #P......# ##.###......
#~....# ##.b.b.#####..# #..~~.#
##~..#######....###....###.~~~≈.
#~~...##.###.....##....#...~≈≈~≈
#~~......~##.b.b..#.......~~≈≈≈~
##~~...<~~##bbbbb.........~≈≈≈≈~
##~~†~~~~##bbbb###.....#.~≈≈≈≈≈
##~~~~~###.b.p##..#####.~≈≈≈≈~
########.bbb.###.# #..~~≈≈~
####.bb.bb###.# .P..~≈≈≈
....bb.b........ .....~~~
.....b†.bb...... .......
......bb........
....b.b.b.......
###..##......... #.#. #...######


There were no monsters in sight!

Vanquished Creatures
  A boulder beetle (D:11)
  A centaur warrior (D:9)
  Nergalle (D:11)
  Pikel (D:6)
  2 manticores (D:11)
  A black mamba (Lair:1)
  A gargoyle (D:11)
  Maggie (D:8)
  A cane toad (Lair:1)
  2 komodo dragons
  A queen bee (D:9)
  A hornet (D:10)
  5 blink frogs (Lair:1)
  Sigmund (D:4)
  A shadow (D:10)
  2 spriggans (Lair:1)
  2 wraiths (D:11)
  12 yaks
  2 wyverns (D:10)
  A basilisk (D:11)
  4 steam dragons
  Edmund (D:4)
  2 acid dragons (D:9)
  5 water moccasins
  3 ice beasts
  9 orc warriors
  3 black bears
  An ogre (D:5)
  A centaur (D:10)
  2 phantoms (D:5)
  2 kobold brigands
  7 bullfrogs
  2 gnoll sergeants
  A necrophage (D:8)
  5 scorpions
  27 killer bees
  5 howler monkeys
  3 hounds
  Crazy Yiuf (D:5)
  11 orc priests
  2 gnoll boudas
  An iguana (D:5)
  A sickly merfolk siren (Sewer)
  A sleepcap (D:6)
  6 orc wizards
  A malarious merfolk avatar (Sewer)
  A hound skeleton (D:8)
  17 gnolls
  6 adders
  10 river rats
  A white imp (D:8)
  5 dart slugs
  40 orcs
  6 ball pythons
  9 endoplasms
  8 giant cockroaches
  6 hobgoblins
  5 jackals
  19 kobolds
  6 quokkas
  8 bats
  6 frilled lizards
  6 goblins
  21 rats
327 creatures vanquished.

Vanquished Creatures (others)
  An adder (D:7)
1 creature vanquished.

Grand Total: 328 creatures vanquished

Notes
Turn   | Place    | Note
-------+----------+-------------------------------------------
     0 | D:1      | Arzdou the Demonspawn Shapeshifter began the quest for the
                  | Orb.
     0 | D:1      | Reached XP level 1. HP: 15/15 MP: 1/1
   192 | D:1      | Gained mutation: You have sharp fingernails. [demonic
                  | ancestry]
   192 | D:1      | Reached XP level 2. HP: 21/21 MP: 2/2
   905 | D:2      | Identified the "Hoittacs"
   911 | D:2      | Gained mutation: You are partially covered in icy blue
                  | scales. (AC +2) [demonic ancestry]
   911 | D:2      | Reached XP level 3. HP: 26/26 MP: 3/3
   941 | D:2      | Found a faded altar of an unknown god.
  1255 | D:2      | Reached XP level 4. HP: 27/32 MP: 4/4
  2825 | D:4      | Noticed a black bear
  2839 | D:4      | Killed a black bear
  2840 | D:4      | Reached skill level 5 in Shapeshifting
  2840 | D:4      | Reached XP level 5. HP: 32/37 MP: 5/5
  3231 | D:4      | Found a glowing drain.
  3259 | D:4      | Reached XP level 6. HP: 42/43 MP: 6/6
  3282 | Sewer    | Entered a sewer
  4234 | D:4      | Noticed Sigmund
  4287 | D:5      | Entered Level 5 of the Dungeon
  4312 | D:5      | Gained mutation: You are mostly covered in icy blue scales.
                  | (AC +3) [demonic ancestry]
  4312 | D:5      | Reached XP level 7. HP: 48/48 MP: 7/7
  4352 | D:5      | Found a bloodstained altar of Trog.
  4371 | D:5      | Reached skill level 5 in Unarmed Combat
  4395 | D:5      | HP: 2/48 [gnoll bouda/+0 whip (8)]
  4825 | D:5      | Reached XP level 8. HP: 53/54 MP: 8/8
  4968 | D:5      | Found a runed translucent door.
  4969 | D:5      | Noticed Crazy Yiuf
  5340 | D:6      | Identified the -1 cloak of Distant Shores {Str+4 Dex+2}
  5538 | D:6      | Noticed Pikel
  5552 | D:6      | Killed Pikel
  5653 | D:6      | Reached XP level 9. HP: 48/59 MP: 9/9
  6153 | D:7      | Identified the +5 ring mail of the Locust {*Corrode Fly
                  | Regen+ SInv}
  6280 | D:7      | Found a staircase to the Ecumenical Temple.
  6289 | Temple   | Entered the Ecumenical Temple
  6305 | Temple   | Became a worshipper of Uskayaw the Reveller
  6400 | D:7      | Reached * piety under Uskayaw
  6401 | D:7      | Reached ** piety under Uskayaw
  6403 | D:7      | Reached skill level 1 in Invocations
  6409 | D:7      | Reached *** piety under Uskayaw
  6411 | D:7      | Reached skill level 10 in Unarmed Combat
  7004 | D:7      | Reached skill level 5 in Invocations
  7814 | D:8      | Found a burning altar of Makhleb.
  7857 | D:8      | Found Copeel's Antique Armour Emporium.
  8368 | D:8      | Noticed Maggie
  8457 | D:8      | Killed Maggie
  8457 | D:8      | Reached **** piety under Uskayaw
  8459 | D:8      | Gained mutation: You are completely covered in icy blue
                  | scales. (AC +4, rC+) [demonic ancestry]
  8459 | D:8      | Reached XP level 10. HP: 27/65 MP: 12/16
  9471 | D:4      | Killed Sigmund
  9848 | D:5      | Killed Crazy Yiuf
  9966 | D:4      | Noticed Edmund
  9974 | D:4      | Killed Edmund
 10452 | D:9      | Reached skill level 2 in Fighting
 10462 | D:9      | Reached ***** piety under Uskayaw
 10463 | D:9      | Reached skill level 3 in Fighting
 10695 | D:9      | Reached skill level 4 in Fighting
 10966 | D:9      | Reached skill level 5 in Fighting
 11024 | D:9      | Noticed a centaur warrior
 11038 | D:9      | Killed a centaur warrior
 11039 | D:9      | Reached skill level 6 in Fighting
 11501 | D:9      | Identified the +6 dagger of Zyqy {venom, rPois rN+ Str+2
                  | Int+3}
 11528 | D:9      | Reached skill level 7 in Fighting
 12041 | D:10     | Entered Level 10 of the Dungeon
 12123 | D:10     | Reached skill level 8 in Fighting
 12141 | D:10     | Paralysed by a hornet for 3 turns
 12146 | D:10     | Reached XP level 11. HP: 44/86 MP: 17/17
 12501 | D:10     | Found a staircase to the Orcish Mines.
 12838 | D:10     | Reached skill level 9 in Fighting
 13483 | D:9      | Reached skill level 10 in Fighting
 14163 | D:11     | Noticed Nergalle
 14166 | D:11     | Noticed a spectral orc warlord
 14175 | D:11     | Killed Nergalle
 14425 | D:11     | Found a staircase to the Lair.
 14560 | D:11     | Reached skill level 11 in Fighting
 14661 | D:11     | Found a transporter.
 14679 | D:11     | Noticed a boulder beetle
 14694 | D:11     | Killed a boulder beetle
 15022 | D:11     | Found a transporter.
 15023 | D:11     | Found a transporter.
 15071 | D:11     | Found a transporter.
 15552 | D:11     | Reached skill level 12 in Fighting
 15844 | Lair:1   | Entered Level 1 of the Lair of Beasts
 16423 | Lair:1   | Reached XP level 12. HP: 69/103 MP: 18/18
 16449 | Lair:1   | Reached skill level 13 in Fighting
 16453 | Lair:1   | HP: 5/105 [poisoned by a cane toad]
 16456 | Lair:1   | HP: 2/105 [poisoned by a cane toad]
 16460 | Lair:1   | Succumbed to a cane toad's poison

Illustrated notes

Levels and vault maps discovered:
D:1:      nagdon_arrival_double_spiral, layout_loops_ring, st_stairs_10
D:2:      layout_loops_ring, shapermc_ecumenical_altar_rom_forum
D:3:      layout_basic, minmay_hedge_maze
D:4:      layout_basic, cheibrodos_sewer_entry_sluice, sigmund_edmund_badplayer
D:5:      wad_woods_stonehenge, layout_rooms, uniq_crazy_yiuf_cottage
D:6:      layout_loops_corners, minmay_diced_spiral, uniq_pikel
D:7:      layout_loops_corners, minmay_temple_entry_junction_2,
          chequers_big_river
D:8:      layout_loops_ring, makhleb_blood_cavern_becter, serial_shops, shop,
          uniq_maggie
D:9:      layout_roguey, minivault_7
D:10:     layout_cave_pools, hiddenorc2_lemuel, serial_park, serial_park_square3
          [serial_park_minivault_5x5_2], serial_park_tiny_2
D:11:     layout_basic, david_lair_shrubbed, nicolae_diode_quadrants,
          uniq_nergalle
Temple:   roderic_octagonal_lattice_temple
Lair:1:   layout_regular_city, cheibrodos_lair_caveside_slide, st_stairs_13,
          wad_woods_02, infiniplex_staircase_pool, uniq_fannar

Skill      XL: |  1  2  3  4  5  6  7  8  9 10 11 12 |
---------------+-------------------------------------+-----
Shapeshifting  | 3 4 5 6 7 8 |  8.0
Unarmed Combat | 4 6 9 10 | 10.0
Invocations    | 8 |  8.0
Fighting       | 8 12 13 | 13.0
Dodging        | |  1.8

Action                     |  1- 3 |  4- 6 |  7- 9 | 10-12 || total
---------------------------+-------+-------+-------+-------++-------
  Melee: Unarmed           |   123 |   242 |   323 |   625 ||  1313
         Punch             |     1 |     3 |    16 |       ||    20
 Invoke: Stomp             |       |       |     1 |     4 ||     5
  Evoke: Wand              |       |       |     4 |     1 ||     5
    Use: Scroll            |       |     7 |     2 |    13 ||    22
         Potion            |       |     1 |     7 |     6 ||    14
   Stab: Paralysed         |       |       |     5 |    31 ||    36
 Armour: Animal skin       |    13 |       |       |       ||    13
         Plate armour      |    90 |    40 |       |       ||   130
         Chain mail        |       |   163 |   122 |       ||   285
         Skin              |       |     4 |       |    50 ||    54
         Steam dragon scal |       |       |    76 |   433 ||   509
  Dodge: Dodged            |    31 |    71 |   114 |   298 ||   514
   Form: Flux              |       |       |       |     1 ||     1

Table legend: (Time is in decaauts)
 A = Elapsed time spent in this place.
 B = Non-inter-level travel time spent in this place.
 C = Inter-level travel time spent in this place.
 D = Time resting spent in this place.
 E = Time spent auto-exploring this place.
 F = Levels seen in this place.
 G = Mean time per level.
                   A        B        C        D        E       F      G
               +--------+--------+--------+--------+--------+-----+--------+
         Total |  16485 |  15502 |    983 |   2785 |   9490 |  14 | 1177.5 |
       Dungeon |  15243 |  14290 |    953 |   2661 |   8813 |  11 | 1385.7 |
        Temple |     32 |      2 |     30 |      0 |      0 |   1 |   32.0 |
          Lair |    536 |    536 |      0 |     43 |    322 |   1 |  536.0 |
         Sewer |    672 |    672 |      0 |     81 |    355 |   1 |  672.0 |
               +--------+--------+--------+--------+--------+-----+--------+

Top non-repeatable levels by time:
     D:9: 2505 daAuts
    D:11: 1897 daAuts
     D:8: 1654 daAuts
     D:4: 1652 daAuts
     D:7: 1607 daAuts
     D:1: 1190 daAuts
    D:10: 1058 daAuts
     D:6: 1053 daAuts
     D:3: 944 daAuts
     D:5: 864 daAuts
     D:2: 815 daAuts
   Sewer: 672 daAuts
  Lair:1: 536 daAuts
  Temple: 32 daAuts
